 Dungeon Crawl Stone Soup version 0.20.1-1-g8b1a95d (webtiles) character file.

80 rrRat the Skirmisher (level 4, 0/41 HPs)
             Began as a Draconian Berserker on Nov 8, 2017.
             Was a Believer of Trog.
             Slain by bmj180's ghost (2 damage)
             ... on level 3 of the Dungeon.
             The game lasted 00:04:55 (1380 turns).

rrRat the Skirmisher (Draconian Berserker)          Turns: 1380, Time: 00:04:56

Health: 0/41       AC:  5    Str: 21    XL:     4   Next: 18%
Magic:  4/4        EV: 13    Int:  7    God:    Trog [**....]
Gold:   106        SH:  0    Dex: 10    Spells: 3/3 levels left

rFire    . . .     SeeInvis .   a - +0 mace
rCold    . . .     Gourm    .   (no shield)
rNeg     . . .     Faith    .   (armour unavailable)
rPois    .         Spirit   .   (helmet restricted)
rElec    .         Reflect  .   (no cloak)
rCorr    .         Harm     .   (no gloves)
MR       .....     Rnd*Tele +   (no boots)
Stlth    +.........             (no amulet)
Regen    0.2/turn               e - ring of teleportation (curse)
MPRegen  0.1/turn               (no ring)

@: no status effects
A: unfitting armour, cold-blooded, AC +5
a: Berserk, Trog's Hand, Burn Spellbooks, Renounce Religion


You were on level 3 of the Dungeon.
You worshipped Trog.
Trog was pleased with you.
You were not hungry.

You visited 1 branch of the dungeon, and saw 3 of its levels.

You collected 106 gold pieces.

Inventory:

Hand Weapons
 a - a +0 mace (weapon)
Missiles
 g - 7 tomahawks (quivered)
Jewellery
 e - a cursed ring of teleportation (left hand)
 i - a +5 ring of intelligence {unknown}
Wands
 l - a wand of paralysis (5/24)
Scrolls
 k - 2 scrolls of teleportation
Potions
 d - a potion of curing {unknown}
 j - a potion of agility {unknown}
 m - a potion of cancellation {unknown}
Comestibles
 b - 3 bread rations
 c - 3 royal jellies
 f - 2 meat rations
 h - 2 fruits


   Skills:
 * Level 4.6 Fighting
 - Level 3.0 Maces & Flails
 * Level 3.5 Dodging
 * Level 1.0 Stealth


You had 3 spell levels left.
You didn't know any spells.

Dungeon Overview and Level Annotations

Branches:
Dungeon (3/15)

Altars:
Cheibriados

Annotations:
D:3 bmj180's ghost, amateur MiFi


Innate Abilities, Weirdness & Mutations

Your plain brown scales are hard. (AC +5)
You cannot fit into any form of body armour.
You are cold-blooded and may be slowed by cold attacks.


Message History

You hit bmj180's ghost.
Bmj180's ghost is lightly damaged.
The bat closely misses you. Bmj180's ghost completely misses you.
You closely miss bmj180's ghost.
Bmj180's ghost is lightly damaged.
The bat misses you. Bmj180's ghost closely misses you.
You hit bmj180's ghost.
Bmj180's ghost is moderately damaged.
The bat closely misses you. The bat hits you but does no damage.
Bmj180's ghost hits you!
* * * LOW HITPOINT WARNING * * *
Bmj180's ghost hits you!
* * * LOW HITPOINT WARNING * * *
You sock bmj180's ghost!
Your tail-slap misses bmj180's ghost.
Bmj180's ghost is heavily damaged.
The bat hits you but does no damage. Bmj180's ghost completely misses you.
You hit bmj180's ghost but do no damage.
Bmj180's ghost is heavily damaged.
The bat closely misses you. Bmj180's ghost hits you.
You die...

#... ..
###...##### ..#
....#.....##...
<......._..#.#
........?....#
............##
........<...#
........Wb..#
....?...@...#
......)....##
....#...).##
###########


You could see bmj180's ghost and a bat.

Vanquished Creatures
  2 adders (D:2)
  2 oozes
  3 worms (D:2)
  A dart slug (D:1)
  3 leopard geckos
  3 bats (D:2)
  A giant cockroach (D:1)
  4 goblins
  8 hobgoblins
  4 kobolds (D:2)
  A quokka (D:2)
  3 frilled lizards (D:1)
  5 rats
40 creatures vanquished.

Notes
Turn   | Place    | Note
-------+----------+-------------------------------------------
     0 | D:1      | rrRat the Draconian Berserker began the quest for the Orb.
     0 | D:1      | Reached XP level 1. HP: 19/19 MP: 1/1
   142 | D:1      | Reached XP level 2. HP: 26/27 MP: 2/2
   598 | D:2      | Reached skill level 4 in Fighting
   686 | D:2      | Reached XP level 3. HP: 28/33 MP: 3/3
   800 | D:2      | Reached skill level 1 in Stealth
   911 | D:2      | Reached XP level 4. HP: 20/41 MP: 4/4
  1088 | D:2      | Reached ** piety under Trog
  1365 | D:3      | Found a snail-covered altar of Cheibriados.
  1366 | D:3      | Noticed bmj180's ghost (amateur MiFi)
  1378 | D:3      | HP: 2/41 [bmj180's ghost (9)]
  1380 | D:3      | Slain by bmj180's ghost

Skill      XL: |  1  2  3 |
---------------+----------+-----
Fighting       | 4 |  4.6
Dodging        | 3 |  3.5
Stealth        | 1 |  1.0
Maces & Flails | |  3.0

Action                   |  1- 3 |  4- 6 || total
-------------------------+-------+-------++-------
Melee: Mace              |   110 |    32 ||   142
       Tailslap          |    10 |     2 ||    12
Throw: Tomahawk          |     7 |       ||     7
  Use: Scroll            |     2 |       ||     2
 Stab: Sleeping          |     1 |     2 ||     3
  Eat: Chunk             |       |     2 ||     2
Armor: Skin              |    25 |     8 ||    33
Dodge: Dodged            |    72 |    33 ||   105
